 Dungeon Crawl Stone Soup version 0.32-a0-738-g1a05c61809 (webtiles) character file.

Game seed: 6599747318158410520

931 Nvm9 the Trooper (level 7, -17/57 HPs)
             Began as a Demonspawn Fighter on Mar 17, 2024.
             Was a Follower of Qazlal.
             Demolished by a two-headed ogre
             ... wielding a +0 giant club
              (22 damage)
             ... on level 5 of the Dungeon.
             The game lasted 00:08:41 (4779 turns).

Nvm9 the Trooper (Demonspawn Fighter)               Turns: 4779, Time: 00:08:41

Health: -17/57     AC: 13    Str: 19    XL:     7   Next: 86%
Magic:  7/7        EV:  4    Int:  8    God:    Qazlal [*.....]
Gold:   268        SH: 10    Dex: 12    Spells: 6/6 levels left

rFire   + . .        a - +0 war axe
rCold   . . .        c - +0 buckler
rNeg    . . .        o - +0 plate armour
rPois   .            (no helmet)
rElec   .            (no cloak)
rCorr   .            (no gloves)
SInv    +            (no boots)
Will    .....        (no amulet)
Stlth   x              - ring of see invisible
HPRegen 0.29/turn    e - ring of protection from fire
MPRegen 0.10/turn

%: no passive effects
@: no status effects
A: rugged brown scales 1, demonic guardian 2, condensation shield, weakness
stinger 1
a: Renounce Religion


You were on level 5 of the Dungeon.
You worshipped Qazlal.
Qazlal was aware of your devotion.
You visited 2 branches of the dungeon, and saw 6 of its levels.

You collected 268 gold pieces.

Inventory:

Hand Weapons
 a - a +0 war axe (weapon)
 g - a +1 dagger of speed
 B - a +2 dagger of venom
 C - a +2 falchion of freezing
Missiles
 u - 11 poisoned darts (quivered)
Armour
 b - a +0 scale mail
 c - a +0 buckler (worn)
 k - a +0 chain mail
 o - a +0 plate armour (worn)
 t - the +0 robe of Wuhim {*Slow rN+ Int+2}
   (You found it on level 3 of the Dungeon)

   Int+2:     It affects your intelligence (+2).
   rN+:       It protects you from negative energy.
   *Slow:     It may slow you when you take damage.
 v - the +0 scale mail of the Wilderness {rC+ Will+ rCorr SInv}
   (You found it on level 4 of the Dungeon)

   rC+:       It protects you from cold.
   Will+:     It increases your willpower.
   SInv:      It lets you see invisible.
   rCorr:     It protects you from acid and corrosion.
Magical Staves
 h - a staff of conjuration
 n - a staff of alchemy
Jewellery
 e - a ring of protection from fire (right hand)
 x - a ring of see invisible (left hand)
Wands
 l - a wand of acid (8)
 m - a wand of polymorph (8)
Scrolls
 f - 6 scrolls of identify {unknown}
 i - 4 scrolls of revelation {unknown}
 j - a scroll of blinking {unknown}
 q - 2 scrolls of enchant armour {unknown}
 s - a scroll of fear {unknown}
 w - a scroll of silence {unknown}
 y - a scroll of vulnerability {unknown}
Potions
 d - 2 potions of might
 p - a potion of resistance {unknown}
 r - a potion of ambrosia {unknown}
 z - a potion of curing {unknown}
 A - a potion of magic {unknown}


   Skills:
 * Level 5.3 Fighting
 * Level 4.4 Axes
 * Level 4.9 Armour
 * Level 4.9 Shields


You had 6 spell levels left.
You didn't know any spells.
Your spell library contained the following spells:

 Spells                   Type           Power      Damage    Failure   Level
 Blink                    Tloc           0%         N/A       100%        2
 Lesser Beckoning         Tloc           0%         N/A       100%        2
 Momentum Strike          Conj/Tloc      0%         3d8       100%        2
 Gell's Gravitas          Tloc           0%         N/A       100%        3
 Teleport Other           Tloc           0%         N/A       100%        3


Dungeon Overview and Level Annotations

Branches:
Dungeon (5/15)             Temple (1/1) D:4

Altars:
Cheibriados
Dithmenos
Fedhas
Gozag
Hepliaklqana
Kikubaaqudgha
Nemelex Xobeh
Okawaru
Qazlal
Ru
Sif Muna
Trog
Wu Jian
Yredelemnul


Innate Abilities, Weirdness & Mutations

You are partially covered in rugged brown scales. (AC +1, +3% HP)
A demonic guardian rushes to your aid.
A meltable shield of frost defends you. (SH +4)
You have a small tail.


Message History

You hit the two-headed ogre but do no damage.
You hit the bush.
The two-headed ogre hits you with a +0 giant club!!
Ouch! That really hurt!
A demonic guardian appears!
The two-headed ogre hits you but does no damage.
You are too injured to fight recklessly!
You are too injured to fight recklessly!
You are too injured to fight recklessly!
You are too injured to fight recklessly!
Unknown command.
You swap places.
Something hits your hellwing. x2
The two-headed ogre closely misses your hellwing.
The two-headed ogre hits your hellwing but does no damage.
Your hellwing hits the two-headed ogre. x2
The two-headed ogre barely misses your hellwing.
The two-headed ogre completely misses your hellwing.
Your hellwing hits the two-headed ogre!
Your hellwing hits the two-headed ogre but does no damage.
Your hellwing hits the two-headed ogre!
Your hellwing barely misses the two-headed ogre.
The two-headed ogre hits your hellwing with a +0 giant club!!
The two-headed ogre hits your hellwing with a +0 giant club.
Your hellwing hits the two-headed ogre!
Your hellwing barely misses the two-headed ogre.
The two-headed ogre hits your hellwing with a +0 giant club!!
Your hellwing dies!
Your hellwing disappears in a puff of smoke!
The two-headed ogre hits you with a +0 giant club! x2
* * * LOW HITPOINT WARNING * * *
You are too injured to fight recklessly!
You are too injured to fight recklessly!
You are too injured to fight recklessly!
You are too injured to fight recklessly!
You are too injured to fight recklessly!
You slash the two-headed ogre! You tail-slap the two-headed ogre.
The two-headed ogre is almost dead.
The two-headed ogre hits you with a +0 giant club!!
You die...

P..P...~~.##.#.# #.
P♣♣.♣♣PP.#.#.#.# #.
♣♣P..♣♣........#####.
♣.....♣.♣#.#.#.......
..._...P♣.##.########
P.b.P♣.♣###.# #.. #.
♣P..♣♣.P# #.# ##.#
.#..P♣♣O♣♣.P.#
#.#####.#.
..~~....@.P~≈#
#......###
..~~..♣♣♣..~≈#
#######.#. #....#
#.#.### ##.# #####
#.#.# #.# #.#.# #.#
#.#.# #.# #.#.# #.#
#.#.############.#
#................#


You could see a two-headed ogre.

Vanquished Creatures
  An ogre (D:5)
  Blork the orc (D:4)
  A scorpion (D:4)
  A jelly (D:4)
  4 orc priests
  3 hounds
  2 iguanas (D:5)
  Natasha (thrice) (D:2)
  2 orc wizards (D:5)
  12 adders
  A white imp (D:4)
  2 ufetubi (D:5)
  3 ribbon worms
  14 orcs
  7 ball pythons
  7 bats
  6 endoplasms
  5 giant cockroaches
  6 goblins
  5 hobgoblins
  2 jackals (D:4)
  5 quokkas
  6 kobolds
99 creatures vanquished.

Vanquished Creatures (collateral kills)
  An orc priest (D:3)
  An iguana (D:5)
  An orc wizard (D:3)
  2 kobolds
5 creatures vanquished.

Grand Total: 104 creatures vanquished

Notes
Turn   | Place    | Note
-------+----------+-------------------------------------------
     0 | D:1      | Nvm9 the Demonspawn Fighter began the quest for the Orb.
     0 | D:1      | Reached XP level 1. HP: 18/18 MP: 1/1
   144 | D:1      | Gained mutation: You have a small tail. [demonic ancestry]
   144 | D:1      | Reached XP level 2. HP: 5/24 MP: 2/2
   968 | D:2      | Noticed Natasha
   975 | D:2      | Killed Natasha
   976 | D:2      | Gained mutation: A weak demonic guardian rushes to your
                  | aid. [demonic ancestry]
   976 | D:2      | Reached XP level 3. HP: 13/29 MP: 3/3
  1385 | D:2      | Gained mutation: A demonic guardian rushes to your aid.
                  | [demonic ancestry]
  1385 | D:2      | Reached XP level 4. HP: 31/35 MP: 4/4
  1402 | D:2      | Noticed Natasha
  1413 | D:2      | Killed Natasha
  1537 | D:2      | Noticed Natasha
  1547 | D:2      | Killed Natasha
  1743 | D:2      | Gained mutation: You are partially covered in rugged brown
                  | scales. (AC +1, +3% HP) [demonic ancestry]
  1743 | D:2      | Reached XP level 5. HP: 33/43 MP: 5/5
  2137 | D:3      | Reached skill level 4 in Fighting
  2845 | D:3      | Identified the +0 robe of Wuhim {*Slow rN+ Int+2}
  3234 | D:4      | Noticed Blork the orc
  3240 | D:4      | Killed Blork the orc
  3241 | D:4      | Reached XP level 6. HP: 44/49 MP: 6/6
  3275 | D:4      | Identified the +0 scale mail of the Wilderness {rC+ Will+
                  | rCorr SInv}
  3368 | D:4      | Found a staircase to the Ecumenical Temple.
  3405 | Temple   | Entered the Ecumenical Temple
  3495 | Temple   | Became a worshipper of Qazlal Stormbringer
  3745 | D:4      | Gained mutation: A meltable shield of frost defends you.
                  | (SH +4) [demonic ancestry]
  3745 | D:4      | Reached XP level 7. HP: 43/56 MP: 7/7
  4015 | D:5      | Entered Level 5 of the Dungeon
  4225 | D:5      | Reached skill level 5 in Fighting
  4663 | D:5      | Found a blossoming altar of Fedhas.
  4672 | D:5      | Reached * piety under Qazlal
  4764 | D:5      | Noticed a two-headed ogre
  4779 | D:5      | Demolished by a two-headed ogre

Illustrated notes

Levels and vault maps discovered:
D:1:      nagdon_arrival_double_spiral, layout_basic, minmay_misc_feat_chi,
          minmay_misc_feat_more_columns, serial_park_tiny_1, minmay_tromino_v4_c
D:2:      layout_loops_corners, chequers_serial_rivers_large_a,
          kennysheep_generic_room_8, uniq_natasha
D:3:      layout_basic, guppyfry_early_lair_pool
D:4:      layout_basic, temple_green, uniq_blork_the_orc
D:5:      layout_loops_ring, kennysheep_little_box,
          nicolae_elyvilon_peaceful_grove
Temple:   regret_index_temple_generic_petals

Skill      XL: |  1  2  3  4  5  6  7 |
---------------+----------------------+-----
Axes           | 2 3 4 |  4.4
Armour         | 3 4 |  4.9
Shields        | 3 4 |  4.9
Fighting       | 4 5 |  5.3

Action                     |  1- 3 |  4- 6 |  7- 9 || total
---------------------------+-------+-------+-------++-------
  Melee: War axe           |    98 |   170 |   105 ||   373
         Tailslap          |     4 |    17 |    18 ||    39
    Use: Potion            |       |     2 |       ||     2
 Armour: Scale mail        |    63 |       |       ||    63
         Chain mail        |    32 |    37 |       ||    69
         Skin              |       |     5 |       ||     5
         Plate armour      |       |   154 |   102 ||   256
  Dodge: Dodged            |    46 |    47 |    30 ||   123
  Block: Buckler           |    26 |    40 |    59 ||   125

Table legend: (Time is in decaauts)
 A = Elapsed time spent in this place.
 B = Non-inter-level travel time spent in this place.
 C = Inter-level travel time spent in this place.
 D = Time resting spent in this place.
 E = Time spent auto-exploring this place.
 F = Levels seen in this place.
 G = Mean time per level.
                   A        B        C        D        E       F      G
               +--------+--------+--------+--------+--------+-----+--------+
         Total |   4947 |   4862 |     85 |    945 |   2858 |   6 |  824.5 |
       Dungeon |   4839 |   4771 |     68 |    945 |   2858 |   5 |  967.8 |
        Temple |    108 |     91 |     17 |      0 |      0 |   1 |  108.0 |
               +--------+--------+--------+--------+--------+-----+--------+

Top non-repeatable levels by time:
     D:2: 1209 daAuts
     D:3: 1194 daAuts
     D:1: 864 daAuts
     D:5: 795 daAuts
     D:4: 775 daAuts
  Temple: 108 daAuts
